 Dungeon Crawl Stone Soup version 0.24-a0-584-g9d6b971ae4 (webtiles) character file.

Game seed: 8480244874273051026, levelgen mode: deterministic

36701 Ijustatesigmund the Blocker (level 13, -5/104 HPs)
             Began as a Gnoll Fighter on Sept 6, 2019.
             Was the Champion of Okawaru.
             Slain by Rupert
             ... wielding a +4 great sword of slicing
              (27 damage)
             ... on level 14 of the Dungeon.
             The game lasted 00:43:47 (18605 turns).

Ijustatesigmund the Blocker (Gnoll Fighter)        Turns: 18605, Time: 00:43:48

Health: -5/104     AC: 25    Str: 24    XL:     13   Next: 92%
Magic:  23/23      EV: 15    Int: 11    God:    Okawaru [******]
Gold:   469        SH:  0    Dex: 22    Spells: 22/29 levels left

rFire    . . .     SeeInvis .   S - +9 halberd of Obsession {flame, +Blink rF- MR+ Dex+4}
rCold    + . .     Gourm    .   (shield currently unavailable)
rNeg     . . .     Faith    .   x - +2 chain mail {rF+}
rPois    .         Spirit   .   (no helmet)
rElec    .         Reflect  .   h - +2 cloak {MR+}
rCorr    .         Harm     .   E - +1 pair of gloves
MR       ++...                  I - +2 pair of boots
Stlth    +.........             (no amulet)
HPRegen  0.27/turn              P - ring of Fiusaguf {Wiz Str+4}
MPRegen  0.18/turn              N - +2 ring of protection

@: no status effects
A: distributed training, fangs 1, cold resistance 1, low mp 1, mutation
resistance 1, strong nose
a: Heroism, Finesse, Renounce Religion, Evoke Blink


You were on level 14 of the Dungeon.
You worshipped Okawaru.
Okawaru was exalted by your worship.
You were not hungry.

You visited 2 branches of the dungeon, and saw 15 of its levels.
You also visited: Ossuary.

You collected 770 gold pieces.
You spent 301 gold pieces at shops.

Inventory:

Hand Weapons
 a - a +1 war axe
 i - a +1 morningstar of holy wrath
 G - a +5 long sword of venom
 O - a +4 fustibalus
 S - the +9 halberd of Obsession (weapon) {flame, +Blink rF- MR+ Dex+4}
   (Okawaru gifted it to you on level 14 of the Dungeon)

   It has been specially enchanted to burn those struck by it, causing extra
   injury to most foes and up to half again as much damage against particularly
   susceptible opponents.
   Big, fiery blades are also staple armaments of hydra-hunters.
   It affects your dexterity (+4).
   It makes you vulnerable to fire.
   It affects your resistance to hostile enchantments.
   It lets you blink.
 T - a +4 scimitar of flaming
Missiles
 j - a throwing net
 C - 18 silver javelins (quivered)
 K - 2 atropa-tipped darts
Armour
 c - a +0 shield
 h - a +2 cloak of magic resistance (worn)
 p - the +1 ring mail "Asiy" {rElec rF+ rC++ Int-5}
   (You found it on level 13 of the Dungeon)

   It affects your intelligence (-5).
   It protects you from fire.
   It greatly protects you from cold.
   It insulates you from electricity.
 x - a +2 chain mail of fire resistance (worn)
 E - a +1 pair of gloves (worn)
 I - a +2 pair of boots (worn)
Jewellery
 l - an uncursed ring of resist corrosion
 s - an uncursed ring of wizardry
 N - a +2 ring of protection (right hand)
 P - the ring of Fiusaguf (left hand) {Wiz Str+4}
   (You took it off a fire giant on level 12 of the Dungeon)

   [ring of wizardry]

   It improves your spell success rate.
   It affects your strength (+4).
 Q - the ring of Boroiduq {Fire Dex+2}
   (You found it on level 12 of the Dungeon)

   [ring of fire]

   It enhances your fire magic.
   It affects your dexterity (+2).
   It protects you from fire.
   It makes you vulnerable to cold.
Wands
 o - a wand of digging (10)
 q - a wand of acid (13)
 u - a wand of enslavement (9)
 D - a wand of flame (61)
 M - a wand of random effects (16)
 R - a wand of polymorph (20)
Scrolls
 e - 3 scrolls of identify
 g - a scroll of enchant weapon
 k - a scroll of enchant armour
 m - 6 scrolls of teleportation
 n - 4 scrolls of amnesia
 v - 2 scrolls of fear
 y - 2 scrolls of magic mapping
 L - a scroll of fog
Potions
 b - a potion of ambrosia
 d - 3 potions of might
 r - 4 potions of brilliance
 t - a potion of haste
 w - a potion of cancellation
 z - 4 potions of lignification
 A - 2 potions of heal wounds
 B - 6 potions of curing
 F - 3 potions of resistance
 J - 2 potions of agility
Comestibles
 f - 16 rations


   Skills:
 + Level 10.7 Fighting
 + Level 8.5 Short Blades
 + Level 8.5 Long Blades
 + Level 9.7 Axes
 + Level 8.5 Maces & Flails
 + Level 8.5 Polearms
 + Level 8.5 Staves
 + Level 8.5 Slings
 + Level 8.5 Bows
 + Level 8.5 Crossbows
 + Level 8.5 Throwing
 + Level 10.7 Armour
 + Level 8.5 Dodging
 + Level 8.5 Stealth
 + Level 10.7 Shields
 + Level 8.5 Unarmed Combat
 + Level 8.5 Spellcasting
 + Level 7.1 Conjurations
 + Level 7.1 Hexes
 + Level 7.1 Charms
 + Level 7.1 Summonings
 + Level 7.1 Necromancy
 + Level 7.1 Translocations
 + Level 7.1 Transmutations
 + Level 7.1 Fire Magic
 + Level 7.1 Ice Magic
 + Level 7.1 Air Magic
 + Level 7.1 Earth Magic
 + Level 7.1 Poison Magic
 + Level 9.3 Invocations
 + Level 8.5 Evocations


You had 22 spell levels left.
You knew the following spells:

 Your Spells              Type           Power        Failure   Level  Hunger
a - Apportation           Tloc           ###...       1%          1    None
b - Summon Butterflies    Summ           ###.....     1%          1    None
c - Lesser Beckoning      Tloc           ###.......   4%          3    ##.....
d - Blink                 Tloc           N/A          2%          2    #......

Your spell library contained the following spells:

 Spells                   Type           Power        Failure   Level  Hunger
 Confusing Touch          Hex            ###...       1%          1    None
 Corona                   Hex            ###....      1%          1    None
 Magic Dart               Conj           ###.         1%          1    None
 Summon Small Mammal      Summ           ###.         1%          1    None
 Call Imp                 Summ           ###.....     2%          2    #......
 Corpse Rot               Necr           N/A          2%          2    #......
 Ensorcelled Hibernation  Hex/Ice        ###...       2%          2    #......
 Slow                     Hex            ###.....     2%          2    #......
 Sublimation of Blood     Necr           ###.......   2%          2    #......
 Call Canine Familiar     Summ           ###.....     4%          3    ##.....
 Confuse                  Hex            ###.....     4%          3    ##.....
 Conjure Flame            Conj/Fire      ###.....     4%          3    ##.....
 Dazzling Spray           Conj/Hex       ###...       4%          3    ##.....
 Gell's Gravitas          Tloc           ###.......   4%          3    ##.....
 Ignite Poison            Fire/Tmut/Pois ###.....     4%          3    ##.....
 Mephitic Cloud           Conj/Pois/Air  ###.....     4%          3    ##.....
 Summon Guardian Golem    Hex/Summ       ###.....     4%          3    ##.....
 Tukima's Dance           Hex            ###.....     4%          3    ##.....
 Petrify                  Tmut/Erth      ###.....     16%         4    ####...
 Summon Ice Beast         Ice/Summ       ###.....     16%         4    ####...
 Summon Lightning Spire   Summ/Air       ###.....     16%         4    ####...
 Agony                    Necr           ###.....     41%         5    ######.
 Alistair's Intoxication  Tmut/Pois      ###.....     41%         5    ######.
 Bolt of Draining         Conj/Necr      ###.......   41%         5    ######.
 Dispel Undead            Necr           ###.....     41%         5    ######.
 Excruciating Wounds      Chrm/Necr      ###.......   41%         5    ######.
 Fireball                 Conj/Fire      ###.......   41%         5    ######.
 Metabolic Englaciation   Hex/Ice        ###.......   41%         5    ######.
 Yara's Violent Unravell  Hex/Tmut       ###.......   41%         5    ######.
 Bolt of Fire             Conj/Fire      ###.......   91%         6    #######
 Invisibility             Hex            ###.....     91%         6    #######
 Ring of Flames           Chrm/Fire      ###.......   100%        7    #######
 Ignition                 Fire           ###.......   100%        8    #######


Dungeon Overview and Level Annotations

Branches:
Dungeon (14/15) Temple (1/1) D:5 Lair (0/6) D:8 Orc (0/2) D:12 Vaults (0/5) D:13 D:14 Ossuary (visited)

Altars:
Ashenzari
Cheibriados
Dithmenos
Elyvilon
Fedhas
Gozag
Hepliaklqana
Kikubaaqudgha
Makhleb
Nemelex Xobeh
Okawaru
Qazlal
Ru
Sif Muna
Trog
Uskayaw
Vehumet
Wu Jian
Xom
Yredelemnul
Zin
The Shining One
Beogh

Shops:
D:8 [   D:9 (   D:10 }   D:12 :   D:13 }

Portals:
Trove: D:12 (give +5 demon blade)

Annotations:
D:9 2 transporters
D:14 Rupert


Innate Abilities, Weirdness & Mutations

Your experience applies equally to all skills.
You have very sharp teeth.
Your uncanny sense of smell can sniff out nearby items.
Your flesh is cold resistant. (rC+)
Your magical capacity is low. (-10% MP)
You are somewhat resistant to further mutation.


Message History

You reach to attack!
You impale Rupert!! You burn Rupert!
Rupert is moderately wounded.
You hit Rupert. You burn Rupert. You bite Rupert.
Rupert is moderately wounded.
Rupert hits you with a +4 great sword of slicing!
You slash Rupert! You burn Rupert.
Rupert is heavily wounded.
Rupert screams, "Hurray!"
Rupert roars madly and goes into a rage!
Rupert goes berserk!
The human hits you.
You puncture Rupert! You burn Rupert.
Rupert is heavily wounded.
Rupert hits you with a +4 great sword of slicing!
The human misses you.
You slice Rupert!! You burn Rupert!
Rupert is severely wounded.
Rupert hits you with a +4 great sword of slicing!!
* * * LOW HITPOINT WARNING * * *
x2 Rupert hits you with a +4 great sword of slicing!!
You die...

#.....# .##. .#
###[#...... ...#.#
#.#######
#..#.#####.# ..
#..#.#...#.# .....
..#.#.#.#.#
.....##.#...#...#
#.....p....#..##
#.....@@...#.###
#%.............#
###..............#
.................#
.......∩<........#
#.....<>........#
#...............'....
#...............#####
#...............#


You could see Rupert (berserk) and a human.

Vanquished Creatures
  A fire giant (D:12)
  A stone giant (D:12)
  Erolcha (D:11)
  A catoblepas (D:12)
  A vault guard (D:12)
  2 hydras
  4 centaur warriors
  3 two-headed ogres
  A tengu warrior (D:14)
  Urug (D:12)
  Nergalle (D:10)
  A skeletal warrior (D:12)
  2 unseen horrors
  A wizard (D:14)
  An orc knight (D:14)
  5 ugly things
  2 slime creatures (D:13)
  2 manticores
  4 gargoyles
  Psyche (D:12)
  A kobold demonologist (D:13)
  A freezing wraith (D:14)
  An efreet (D:14)
  3 trolls
  4 hippogriffs
  Prince Ribbit (D:5)
  2 shadows
  15 humans
  3 basilisks
  3 wyverns (D:8)
  16 yaks
  4 vampire mosquitoes
  2 hogs (D:7)
  A warg (D:12)
  Menkaure (D:6)
  A hungry ghost (D:10)
  An acid dragon (D:8)
  A water moccasin (D:8)
  4 ice beasts
  8 sky beasts
  2 black bears
  9 orc warriors
  5 necrophages
  5 ogres
  7 centaurs
  5 big kobolds
  8 bullfrogs
  A water moccasin zombie (D:9)
  A wyvern skeleton (D:11)
  4 scorpions
  9 killer bees
  13 wights
  4 howler monkeys
  2 crimson imps (D:9)
  3 centaur zombies
  A bullfrog zombie (D:12)
  7 hounds
  A jelly (D:8)
  3 bullfrog skeletons
  5 orc priests
  13 orc wizards
  3 centaur skeletons
  8 iguanas
  13 worker ants
  6 big kobold zombies (Ossuary)
  A hound skeleton (D:11)
  5 mummies
  A worker ant zombie (D:9)
  5 gnolls
  7 adders
  5 shadow imps
  An adder zombie (D:9)
  An adder skeleton (D:6)
  2 worms
  A dart slug (D:4)
  2 leopard geckos
  40 orcs
  2 spectral bats (Ossuary)
  6 giant cockroaches
  6 gnoll zombies (Ossuary)
  7 hobgoblins
  7 jackals
  37 kobolds
  4 quokkas
  3 ball pythons
  4 bats
  A bat simulacrum (Ossuary)
  2 frilled lizards
  5 goblins
  2 goblin simulacra (Ossuary)
  3 goblin zombies (Ossuary)
  5 hobgoblin zombies (Ossuary)
  4 kobold simulacra (Ossuary)
  2 kobold zombies (Ossuary)
  8 orc zombies (Ossuary)
  2 quokka skeletons
  A quokka zombie (D:9)
  10 rats
  A rat simulacrum (Ossuary)
  3 spectral goblins (Ossuary)
  4 spectral kobolds (Ossuary)
  5 spectral rats (Ossuary)
452 creatures vanquished.

Notes
Turn   | Place    | Note
-------+----------+-------------------------------------------
     0 | D:1      | Ijustatesigmund the Gnoll Fighter began the quest for the
                  | Orb.
     0 | D:1      | Reached XP level 1. HP: 23/23 MP: 1/1
   123 | D:1      | Reached XP level 2. HP: 26/29 MP: 2/2
   987 | D:2      | Reached XP level 3. HP: 25/35 MP: 3/3
  1435 | D:2      | Reached skill level 1 in Invocations
  1630 | D:3      | Reached skill level 1 in Short Blades
  1630 | D:3      | Reached skill level 1 in Long Blades
  1630 | D:3      | Reached skill level 1 in Maces & Flails
  1630 | D:3      | Reached skill level 1 in Polearms
  1630 | D:3      | Reached skill level 1 in Staves
  1630 | D:3      | Reached skill level 1 in Slings
  1630 | D:3      | Reached skill level 1 in Bows
  1630 | D:3      | Reached skill level 1 in Crossbows
  1630 | D:3      | Reached skill level 1 in Throwing
  1630 | D:3      | Reached skill level 1 in Dodging
  1630 | D:3      | Reached skill level 1 in Stealth
  1630 | D:3      | Reached skill level 1 in Unarmed Combat
  1630 | D:3      | Reached skill level 1 in Spellcasting
  1630 | D:3      | Reached skill level 1 in Evocations
  1660 | D:3      | Reached XP level 4. HP: 41/41 MP: 5/5
  1746 | D:3      | Found a sparkling altar of Nemelex Xobeh.
  1789 | D:3      | Reached skill level 1 in Conjurations
  1789 | D:3      | Reached skill level 1 in Hexes
  1789 | D:3      | Reached skill level 1 in Charms
  1789 | D:3      | Reached skill level 1 in Summonings
  1789 | D:3      | Reached skill level 1 in Necromancy
  1789 | D:3      | Reached skill level 1 in Translocations
  1789 | D:3      | Reached skill level 1 in Transmutations
  1789 | D:3      | Reached skill level 1 in Fire Magic
  1789 | D:3      | Reached skill level 1 in Ice Magic
  1789 | D:3      | Reached skill level 1 in Air Magic
  1789 | D:3      | Reached skill level 1 in Earth Magic
  1789 | D:3      | Reached skill level 1 in Poison Magic
  1807 | D:3      | Reached XP level 5. HP: 47/47 MP: 6/6
  2393 | D:3      | Reached XP level 6. HP: 53/53 MP: 8/8
  2648 | D:3      | Reached skill level 5 in Axes
  2650 | D:3      | You fall into a shaft and drop 1 floor!
  2825 | D:4      | Found a sand-covered staircase.
  2832 | Ossuary  | Entered an ossuary
  3192 | Ossuary  | Reached XP level 7. HP: 59/59 MP: 10/10
  4719 | D:5      | Entered Level 5 of the Dungeon
  4735 | D:5      | Found a staircase to the Ecumenical Temple.
  4762 | Temple   | Entered the Ecumenical Temple
  4854 | Temple   | Became a worshipper of Warmaster Okawaru
  4925 | D:5      | Reached XP level 8. HP: 67/67 MP: 12/12
  4961 | D:5      | Noticed Prince Ribbit
  5045 | D:5      | Noticed a hippogriff
  5112 | D:5      | Reached * piety under Okawaru
  5332 | D:5      | Killed a hippogriff
  5393 | D:5      | Killed Prince Ribbit
  5465 | D:6      | Reached XP level 9. HP: 72/72 MP: 14/14
  5486 | D:6      | Noticed Menkaure
  5496 | D:6      | Killed Menkaure
  5496 | D:6      | Reached ** piety under Okawaru
  5961 | D:6      | Found a snail-covered altar of Cheibriados.
  6295 | D:7      | Reached *** piety under Okawaru
  6306 | D:7      | Reached skill level 5 in Invocations
  6309 | D:7      | Reached XP level 10. HP: 25/80 MP: 13/17
  6871 | D:7      | Received a gift from Okawaru
  7236 | D:7      | Found an ancient bone altar of Kikubaaqudgha.
  7236 | D:7      | Found a hide-covered altar of Uskayaw.
  7237 | D:7      | Found a shattered altar of Ashenzari.
  7657 | D:8      | Learned a level 1 spell: Apportation
  7659 | D:8      | Learned a level 1 spell: Summon Butterflies
  7663 | D:8      | Learned a level 3 spell: Lesser Beckoning
  7724 | D:8      | Noticed a two-headed ogre
  7737 | D:8      | Killed a two-headed ogre
  7737 | D:8      | Reached skill level 5 in Short Blades
  7737 | D:8      | Reached skill level 5 in Long Blades
  7737 | D:8      | Reached skill level 5 in Maces & Flails
  7737 | D:8      | Reached skill level 5 in Polearms
  7737 | D:8      | Reached skill level 5 in Staves
  7737 | D:8      | Reached skill level 5 in Slings
  7737 | D:8      | Reached skill level 5 in Bows
  7737 | D:8      | Reached skill level 5 in Crossbows
  7737 | D:8      | Reached skill level 5 in Throwing
  7737 | D:8      | Reached skill level 5 in Dodging
  7737 | D:8      | Reached skill level 5 in Stealth
  7737 | D:8      | Reached skill level 5 in Unarmed Combat
  7737 | D:8      | Reached skill level 5 in Spellcasting
  7737 | D:8      | Reached skill level 5 in Evocations
  8093 | D:8      | Found Vavoifa's Armour Shoppe.
  8128 | D:8      | Bought a +2 cloak of magic resistance for 301 gold pieces
  8252 | D:8      | Reached **** piety under Okawaru
  8799 | D:8      | Found a staircase to the Lair.
  9211 | D:9      | Got a translucent chain mail
  9217 | D:9      | Identified the cursed +0 chain mail of Gyimm {rF+} (You
                  | found it on level 9 of the Dungeon)
  9466 | D:9      | Reached XP level 11. HP: 43/87 MP: 19/19
  9866 | D:9      | Found Dagga's Antique Weapon Boutique.
  9984 | D:9      | Noticed a manticore
  9997 | D:9      | Killed a manticore
 10005 | D:9      | Found a transporter.
 10006 | D:9      | Noticed an orc knight
 10007 | D:9      | Noticed a two-headed ogre
 10008 | D:9      | Found a roughly hewn altar of Beogh.
 10008 | D:9      | Found a transporter.
 10697 | D:10     | Entered Level 10 of the Dungeon
 10716 | D:10     | Found Suthuifu's Gadget Emporium.
 10766 | D:10     | Reached skill level 5 in Conjurations
 10766 | D:10     | Reached skill level 5 in Hexes
 10766 | D:10     | Reached skill level 5 in Charms
 10766 | D:10     | Reached skill level 5 in Summonings
 10766 | D:10     | Reached skill level 5 in Necromancy
 10766 | D:10     | Reached skill level 5 in Translocations
 10766 | D:10     | Reached skill level 5 in Transmutations
 10766 | D:10     | Reached skill level 5 in Fire Magic
 10766 | D:10     | Reached skill level 5 in Ice Magic
 10766 | D:10     | Reached skill level 5 in Air Magic
 10766 | D:10     | Reached skill level 5 in Earth Magic
 10766 | D:10     | Reached skill level 5 in Poison Magic
 10816 | D:10     | Reached ***** piety under Okawaru
 10825 | D:10     | Received a gift from Okawaru
 10862 | D:10     | Noticed Nergalle
 10876 | D:10     | Killed Nergalle
 10876 | D:10     | Received a gift from Okawaru
 10896 | D:10     | Gained mutation: Your flesh is cold resistant. (rC+)
                  | [potion of mutation]
 10896 | D:10     | Gained mutation: Your magical capacity is low. (-10% MP)
                  | [potion of mutation]
 10896 | D:10     | Gained mutation: You are somewhat resistant to further
                  | mutation. [potion of mutation]
 11285 | D:11     | Noticed Erolcha
 11295 | D:11     | Paralysed by Erolcha for 4 turns
 11304 | D:11     | Killed Erolcha
 11304 | D:11     | Received a gift from Okawaru
 12072 | D:11     | Killed an unseen horror
 12430 | D:11     | You fall into a shaft and drop 2 floors!
 12458 | D:13     | Noticed a centaur warrior
 12462 | D:13     | Received a gift from Okawaru
 12462 | D:13     | Reached XP level 12. HP: 96/96 MP: 19/19
 12469 | D:13     | Killed a centaur warrior
 12545 | D:12     | Noticed Urug
 12550 | D:12     | Noticed a sun demon
 12585 | D:13     | Received a gift from Okawaru
 12614 | D:12     | Killed Urug
 13552 | D:12     | Noticed a two-headed ogre
 13562 | D:12     | Killed a two-headed ogre
 13569 | D:12     | Noticed Psyche
 13585 | D:12     | Killed Psyche
 13612 | D:12     | Found a staircase to the Orcish Mines.
 14247 | D:12     | Noticed a centaur warrior
 14257 | D:12     | Killed a centaur warrior
 14257 | D:12     | Received a gift from Okawaru
 14292 | D:12     | Reached skill level 10 in Fighting
 14292 | D:12     | Reached skill level 10 in Armour
 14292 | D:12     | Reached skill level 10 in Shields
 14304 | D:12     | Noticed a four-headed hydra
 14320 | D:12     | Killed a four-headed hydra
 14328 | D:12     | Noticed a centaur warrior
 14334 | D:12     | Killed a centaur warrior
 14334 | D:12     | Reached ****** piety under Okawaru
 14336 | D:12     | Noticed a stone giant
 14342 | D:12     | Noticed a catoblepas
 14520 | D:12     | Killed a stone giant
 14520 | D:12     | Reached XP level 13. HP: 79/103 MP: 22/22
 15007 | D:12     | Found Xoinnusm's Book Shoppe.
 15102 | D:12     | Noticed a vault guard
 15126 | D:12     | Killed a vault guard
 15210 | D:12     | Found a portal to a secret trove of treasure.
 15292 | D:12     | Received a gift from Okawaru
 15796 | D:12     | Identified the +8 hand axe of Agony {drain, rElec Dex+4}
 15796 | D:12     | Identified the ring of Fiusaguf {Wiz Str+4}
 15796 | D:12     | Noticed a fire giant
 15833 | D:12     | Killed a fire giant
 15833 | D:12     | Received a gift from Okawaru
 16206 | D:12     | Got a glittering glass ring
 16208 | D:12     | Identified the ring of Boroiduq {Fire Dex+2} (You found it
                  | on level 12 of the Dungeon)
 16398 | D:13     | Got a smoking ring mail
 16435 | D:12     | Identified the +1 ring mail "Asiy" {rElec rF+ rC++ Int-5}
                  | (You found it on level 13 of the Dungeon)
 16643 | D:13     | Learned a level 2 spell: Blink
 17323 | D:13     | Found Rureriep's Gadget Shoppe.
 17592 | D:13     | Received a gift from Okawaru
 17713 | D:14     | Found a gate to the Vaults.
 17713 | D:14     | Noticed Rupert
 18145 | D:14     | Received a gift from Okawaru
 18148 | D:14     | Got a bone halberd {god gift}
 18156 | D:14     | Identified the +9 halberd of Obsession {flame, +Blink rF-
                  | MR+ Dex+4} (Okawaru gifted it to you on level 14 of the
                  | Dungeon)
 18442 | D:14     | Found a blossoming altar of Fedhas.
 18605 | D:14     | Slain by Rupert

Levels and vault maps discovered:
D:1:      evilmike_arrival_rings, layout_loops_ring, chequers_avenue,
          moated_statue
D:2:      layout_loops_ring
D:3:      layout_rooms, lemuel_round_altar
D:4:      layout_basic, enter_ossuary_2
D:5:      layout_rooms, minmay_temple_entry_wispy, first_ration,
          serial_bayou_pond_d, uniq_prince_ribbit1
D:6:      layout_loops_cross, basic_altar, uniq_menkaure
D:7:      layout_basic, minitemple, grunt_livestock, st_stairs_11
D:8:      layout_loops_ring, erik_lair_dragon, serial_shops, shop
D:9:      gammafunk_beogh_shrine, layout_basic, serial_shops,
          nicolae_shop_crystal, serial_undead, serial_undead_a, serial_undead_b,
          serial_undead_a, serial_undead_d, serial_undead_d, serial_undead_c
D:10:     layout_cave_pools, serial_shops, shop, uniq_nergalle
D:11:     layout_loops_ring, minivault_11, minmay_misc_feat_columns,
          minmay_misc_feat_secret_circle, uniq_erolcha
D:12:     minmay_two_paths, layout_irregular_city, david_orc_3, enter_trove_5,
          serial_shops, shop, uniq_urug, uniq_psyche
D:13:     layout_loops_ring, serial_shops, nicolae_shop_window_shopping,
          kennysheep_generic_room_4
D:14:     layout_roguey, david_vaults_3, fedhas_altar_3, minmay_crystal_water,
          minivault_26
Temple:   regret_index_temple_mists

Skill      XL: |  1  2  3  4  5  6  7  8  9 10 11 12 13 |
---------------+----------------------------------------+-----
Invocations    | 1 2 3 4 5 6 7 8 9 |  9.3
Short Blades   | 1 2 3 4 5 6 7 8 |  8.5
Long Blades    | 1 2 3 4 5 6 7 8 |  8.5
Maces & Flails | 1 2 3 4 5 6 7 8 |  8.5
Polearms       | 1 2 3 4 5 6 7 8 |  8.5
Staves         | 1 2 3 4 5 6 7 8 |  8.5
Slings         | 1 2 3 4 5 6 7 8 |  8.5
Bows           | 1 2 3 4 5 6 7 8 |  8.5
Crossbows      | 1 2 3 4 5 6 7 8 |  8.5
Throwing       | 1 2 3 4 5 6 7 8 |  8.5
Dodging        | 1 2 3 4 5 6 7 8 |  8.5
Stealth        | 1 2 3 4 5 6 7 8 |  8.5
Unarmed Combat | 1 2 3 4 5 6 7 8 |  8.5
Spellcasting   | 1 2 3 4 5 6 7 8 |  8.5
Evocations     | 1 2 3 4 5 6 7 8 |  8.5
Conjurations   | 1 2 3 4 5 6 7 |  7.1
Hexes          | 1 2 3 4 5 6 7 |  7.1
Charms         | 1 2 3 4 5 6 7 |  7.1
Summonings     | 1 2 3 4 5 6 7 |  7.1
Necromancy     | 1 2 3 4 5 6 7 |  7.1
Translocations | 1 2 3 4 5 6 7 |  7.1
Transmutations | 1 2 3 4 5 6 7 |  7.1
Fire Magic     | 1 2 3 4 5 6 7 |  7.1
Ice Magic      | 1 2 3 4 5 6 7 |  7.1
Air Magic      | 1 2 3 4 5 6 7 |  7.1
Earth Magic    | 1 2 3 4 5 6 7 |  7.1
Poison Magic   | 1 2 3 4 5 6 7 |  7.1
Axes           | 5 6 7 8 9 |  9.7
Fighting       | 7 8 9 10 | 10.7
Armour         | 7 8 9 10 | 10.7
Shields        | 7 8 9 10 | 10.7

Action                   |  1- 3 |  4- 6 |  7- 9 | 10-12 | 13-15 || total
-------------------------+-------+-------+-------+-------+-------++-------
Melee: War axe           |   113 |   158 |   280 |   355 |       ||   906
       Bite              |    15 |    24 |    61 |   146 |    75 ||   321
       Long sword        |       |       |       |   413 |   268 ||   681
       Mace              |       |       |       |    11 |    19 ||    30
       Halberd           |       |       |       |       |    71 ||    71
Throw: Javelin           |       |     4 |     7 |       |     8 ||    19
       Throwing net      |       |       |     2 |     3 |       ||     5
       Dart              |       |       |     2 |     6 |       ||     8
Invok: Heroism           |       |       |     1 |    10 |     2 ||    13
       Finesse           |       |       |       |     1 |       ||     1
Evoke: Wand              |       |       |     1 |     3 |    12 ||    16
  Use: Scroll            |     6 |     1 |    11 |    12 |     4 ||    34
       Potion            |       |       |     3 |     2 |       ||     5
 Stab: Invisible         |       |       |       |     1 |       ||     1
       Held in net/web   |       |       |       |     1 |       ||     1
  Eat: Chunk             |     3 |     3 |     5 |    18 |     5 ||    34
       Ration            |       |     1 |     1 |     4 |     2 ||     8
Armor: Scale mail        |    31 |    51 |     6 |       |       ||    88
       Plate armour      |       |       |    87 |    72 |       ||   159
       Chain mail        |       |       |       |   243 |   138 ||   381
       Ring mail         |       |       |       |       |    20 ||    20
Dodge: Dodged            |    37 |    42 |    82 |   301 |   178 ||   640
Block: Shield            |    74 |    72 |   170 |   556 |   149 ||  1021
       Rpst.: Long sword |       |       |       |    42 |    25 ||    67

Table legend:
 A = Non-vault XP
 B = Vault XP
 C = Vault XP percentage of total XP
 D = Non-vault monster count
 E = Vault monster count
 F = Vault count percentage of total count
                 A         B        C        D         E       F
            +---------+---------+-------+---------+---------+-------
      Total |   29405 |   23026 |  43.9 |     328 |     124 |  27.4
            +---------+---------+-------+---------+---------+-------
        D:1 |      29 |       0 |   0.0 |      19 |       0 |   0.0
        D:2 |     116 |       0 |   0.0 |      22 |       0 |   0.0
        D:3 |     300 |       0 |   0.0 |      22 |       0 |   0.0
        D:4 |     399 |       0 |   0.0 |      20 |       0 |   0.0
        D:5 |     892 |     259 |  22.5 |      11 |       1 |   8.3
        D:6 |     588 |     169 |  22.3 |      16 |       1 |   5.9
        D:7 |    1483 |     997 |  40.2 |      31 |       7 |  18.4
        D:8 |    2210 |    1143 |  34.1 |      24 |       6 |  20.0
        D:9 |    1582 |     868 |  35.4 |      19 |      15 |  44.1
       D:10 |    1771 |     820 |  31.6 |      28 |       1 |   3.4
       D:11 |    4828 |    1042 |  17.8 |      30 |       1 |   3.2
       D:12 |    2179 |   11940 |  84.6 |      19 |      21 |  52.5
       D:13 |    9260 |    4284 |  31.6 |      52 |      14 |  21.2
       D:14 |    3768 |    1275 |  25.3 |      15 |       4 |  21.1
    Ossuary |       0 |     229 | 100.0 |       0 |      53 | 100.0
            +---------+---------+-------+---------+---------+-------
